 Dungeon Crawl Stone Soup version 0.24.0-13-gcf9b3192b9 (webtiles) character file.

Game seed: 7127231177579930460, levelgen mode: deterministic

102 Amplified the Magician (level 4, -13/27 HPs)
             Began as a Gargoyle Wanderer on Nov 9, 2019.
             Mangled by an ogre
             ... wielding a +0 giant club
              (18 damage)
             ... on level 5 of the Dungeon.
             The game lasted 00:04:13 (1802 turns).

Amplified the Magician (Gargoyle Wanderer)          Turns: 1802, Time: 00:04:13

Health: -13/27     AC:  9    Str: 15    XL:     4   Next: 78%
Magic:  9/11       EV: 10    Int: 14    God:
Gold:   103        SH:  0    Dex:  9    Spells: 12/13 levels left

rFire    . . .     SeeInvis .   c - +0 whip
rCold    . . .     Gourm    .   (no shield)
rNeg     + + .     Faith    .   e - +1 ring mail {rPois}
rPois    ∞         Spirit   .   (no helmet)
rElec    +         Reflect  .   (no cloak)
rCorr    .         Harm     .   (no gloves)
MR       .....                  (no boots)
Stlth    +.........             m - amulet of regeneration
HPRegen  0.49/turn              g - ring of positive energy
MPRegen  0.12/turn              k - ring of poison resistance

@: very slightly contaminated
A: negative energy resistance 1, electricity resistance, unbreathing,
petrification resistance, rot immunity, AC +3
a: no special abilities


You were on level 5 of the Dungeon.
You were not hungry.

You visited 1 branch of the dungeon, and saw 5 of its levels.

You collected 103 gold pieces.

Inventory:

Hand Weapons
 a - a +0 club
 c - a +0 whip (weapon)
Armour
 e - a +1 ring mail of poison resistance (worn)
 l - a -1 buckler
Jewellery
 g - a ring of positive energy (left hand)
 k - a ring of poison resistance (right hand)
 m - an amulet of regeneration (around neck)
Scrolls
 h - a scroll of remove curse
 i - 4 scrolls of enchant weapon
 j - a scroll of identify
 p - a scroll of teleportation
Comestibles
 f - 7 rations


   Skills:
 * Level 2.6 Fighting
 * Level 2.3 Maces & Flails
 - Level 1.1 Stealth
 * Level 2.6 Shields
 - Level 5.0 Spellcasting
   Level 1.0 Ice Magic
 - Level 1.0 Air Magic
   Level 1.0 Poison Magic


You had 12 spell levels left.
You knew the following spells:

 Your Spells              Type           Power        Failure   Level  Hunger
a - Shock                 Conj/Air       #...         28%         1    None

Your spell library contained the following spells:

 Spells                   Type           Power        Failure   Level  Hunger
 Beastly Appendage        Tmut           #.....       34%         1    None
 Swiftness                Chrm/Air       #.......     38%         2    ##.....
 Static Discharge         Conj/Air       #.......     63%         3    ###....
 Ignite Poison            Fire/Tmut/Pois #.......     65%         3    ###....
 Airstrike                Air            #.........   92%         4    ####...
 Lightning Bolt           Conj/Air       #.........   100%        5    ######.


Dungeon Overview and Level Annotations

Branches:
Dungeon (6/15)
 Temple: D:4-7

Altars:

Annotations:
D:3 Natasha


Innate Abilities, Weirdness & Mutations

You are resistant to torment.
Your stone body is resilient. (AC +3)
You are immune to poison.
You resist negative energy. (rN+)
You are resistant to electric shocks. (rElec)
You can survive without breathing.
You are immune to petrification.
You are immune to rotting.


Message History

Casting: Shock (safe; 28% risk of failure)
Confirm with . or Enter, or press ? or * to list all spells.
Aiming: Shock (safe; 28% risk of failure)
Press: ? - help, Shift-Dir - straight line, f/p - ogre
Aim: an ogre, wielding a +0 giant club (severely wounded)
The zap hits the ogre.
The ogre is almost dead.
The ogre hits you with a +0 giant club!
* * * LOW HITPOINT WARNING * * *
Casting: Shock (safe; 28% risk of failure)
Confirm with . or Enter, or press ? or * to list all spells.
Aiming: Shock (safe; 28% risk of failure)
Press: ? - help, Shift-Dir - straight line, f/p - ogre
Aim: an ogre, wielding a +0 giant club (almost dead)
You miscast Shock.
You are very lightly contaminated with residual magic.
Nothing appears to happen.
The ogre hits you with a +0 giant club!!
Ouch! That really hurt!
You die...

#########..###
##..........#
#...###.....# ..#
#..## ###...# ..# #..#
#...# #.# ##.# ##..#
#.# #.# #..# #.# ##O#
#### #.# #@.# #.#
###..## ##.##
##.....####
####...###.>##.....##
##...#......####.....#
##....###..### ##....#
##.....# ####
#........ ..##..##
#)....... #####.#
#........


You could see an ogre.

Vanquished Creatures
  A bullfrog zombie (D:5)
  Natasha (D:3)
  A worm (D:2)
  2 dart slugs (D:1)
  A leopard gecko (D:1)
  A giant cockroach (D:2)
  5 goblins
  3 hobgoblins
  10 jackals
  3 bats
  5 frilled lizards
  2 kobolds
  A quokka zombie (D:5)
  6 rats
42 creatures vanquished.

Notes
Turn   | Place    | Note
-------+----------+-------------------------------------------
     0 | D:1      | Amplified the Gargoyle Wanderer began the quest for the
                  | Orb.
     0 | D:1      | Amplified set off with the following items: a +0 club, a
                  | potion of curing, a +0 robe, a ration; and the following
                  | spells available to memorise: Shock, Beastly Appendage,
                  | Swiftness, Static Discharge, Ignite Poison, Airstrike,
                  | Lightning Bolt
     0 | D:1      | Reached XP level 1. HP: 10/10 MP: 6/6
   459 | D:1      | Reached skill level 1 in Fighting
   517 | D:1      | Reached skill level 1 in Maces & Flails
   517 | D:1      | Reached XP level 2. HP: 13/16 MP: 8/8
   791 | D:1      | Reached XP level 3. HP: 18/20 MP: 9/9
  1415 | D:3      | Noticed Natasha
  1444 | D:3      | Killed Natasha
  1444 | D:3      | Reached XP level 4. HP: 25/27 MP: 11/11
  1594 | D:3      | Noticed Natasha
  1598 | D:3      | Learned a level 1 spell: Shock
  1617 | D:3      | You fall into a shaft and drop 3 floors!
  1617 | D:6      | Noticed a bullfrog
  1630 | D:5      | Entered Level 5 of the Dungeon
  1745 | D:5      | Noticed an ogre
  1802 | D:5      | Mangled by an ogre

Levels and vault maps discovered:
D:1:      eino_arrival_cavern_c, layout_basic
D:2:      layout_rooms, minmay_box_of_dots
D:3:      layout_rooms, uniq_natasha
D:5:      layout_layer_cave, minmay_hollow_rounded_squares, uniq_grinder
D:6:      layout_rooms, grunt_dithmenos_smoke, basic_altar, serial_shops,
          nicolae_shop_trees

Skill      XL: |  1  2  3 |
---------------+----------+-----
Fighting       | 1 2 |  2.6
Maces & Flails | 1 2 |  2.3
Shields        | 2 |  2.6
Stealth        | |  1.1
Spellcasting   | |  5.0
Ice Magic      | |  1.0
Air Magic      | |  1.0
Poison Magic   | |  1.0

Action                   |  1- 3 |  4- 6 || total
-------------------------+-------+-------++-------
Melee: Club              |    69 |       ||    69
       Whip              |   177 |    33 ||   210
 Cast: Shock             |       |     3 ||     3
  Use: Scroll            |     5 |     5 ||    10
       Potion            |     2 |     3 ||     5
  Eat: Chunk             |     2 |     1 ||     3
Armor: Ring mail         |   116 |    29 ||   145
       Leather armour    |     9 |       ||     9
       Skin              |    15 |       ||    15
Dodge: Dodged            |   142 |    29 ||   171
